 Dungeon Crawl Stone Soup version 0.20-a0-945-g3bf614a (webtiles) character file.

107 Lifeless the Sneak (level 5, -3/39 HPs)
             Began as a Human Wanderer on Apr 1, 2017.
             Was an Initiate of the Shining One.
             Slain by an ogre
             ... wielding a +0 giant club
              (10 damage)
             ... on level 4 of the Dungeon.
             The game lasted 00:22:40 (3525 turns).

Lifeless the Sneak (Human Wanderer)                 Turns: 3525, Time: 00:22:41

Health: -3/39      AC: 13    Str: 11    XL:     5   Next: 10%
Magic:  5/5        EV:  2    Int: 13    God:    the Shining One [......]
Gold:   214        SH:  0    Dex: 14    Spells: 3/4 levels left

rFire    . . .     SeeInvis .   g - +0 short sword
rCold    . . .     Gourm    .   (no shield)
rNeg     . . .     Faith    .   o - +0 plate armour
rPois    .         Spirit   .   (no helmet)
rElec    .         Reflect  .   (no cloak)
rCorr    .         Harm     .   (no gloves)
MR       .....                  l - +2 pair of boots
Stlth    ..........             (no amulet)
Regen    0.2/turn               (no ring)
MPRegen  0.1/turn               (no ring)

@: glowing
A: no striking features
a: Renounce Religion


You were on level 4 of the Dungeon.
You worshipped the Shining One.
The Shining One was noncommittal.
You were not hungry.

You visited 1 branch of the dungeon, and saw 4 of its levels.

You collected 214 gold pieces.

Inventory:

Hand Weapons
 g - a +0 short sword (weapon)
Missiles
 e - 124 stones (quivered)
Armour
 l - a +2 pair of boots (worn)
 o - a +0 plate armour (worn)
Scrolls
 a - a scroll of fear
 c - 2 scrolls of teleportation
 k - a scroll of enchant weapon {unknown}
 n - a scroll of remove curse {unknown}
 p - a scroll of magic mapping {unknown}
 s - 2 scrolls of identify {unknown}
 u - a scroll of blinking {unknown}
 v - a scroll of immolation {unknown}
Potions
 b - 4 potions of curing
 h - a potion of invisibility {unknown}
 j - a potion of might {unknown}
 q - 3 potions of flight {unknown}
 r - 2 potions of magic {unknown}
 t - a potion of berserk rage {unknown}
 w - a potion of brilliance {unknown}
Books
 y - a book of Minor Magic

   Spells                             Type                      Level
   a - Magic Dart                     Conjuration                  1
   b - Blink                          Translocation                2
   c - Call Imp                       Summoning                    2
   d - Slow                           Hexes                        2
   e - Conjure Flame                  Conjuration/Fire             3
   f - Mephitic Cloud                 Conjuration/Poison/Air       3
Comestibles
 d - 2 meat rations
 f - 4 bread rations
 i - 3 fruits


   Skills:
 + Level 2.4 Fighting
 + Level 2.3 Short Blades
 + Level 2.5 Throwing
 + Level 1.0 Armour
 + Level 1.2 Dodging
 + Level 2.8 Stealth
 - Level 2.0 Unarmed Combat
   Level 1.0 Evocations


You had 3 spell levels left.
You knew the following spells:

 Your Spells              Type           Power        Failure   Level  Hunger
a - Magic Dart            Conj           #...         100%        1    ##.....


Dungeon Overview and Level Annotations

Branches:
Dungeon (4/15)
 Temple: D:4-7

Altars:
Makhleb
The Shining One


Message History

You hit the ogre.
The ogre is lightly wounded.
You hit the ogre.
The ogre is moderately wounded.
The ogre hits you with a giant club!
You hit the ogre.
The ogre is moderately wounded.
The ogre hits you but does no damage.
You hit the ogre.
The ogre is heavily wounded.
The ogre hits you with a giant club!!
Ouch! That really hurt!
* * * LOW HITPOINT WARNING * * *
Throwing (i - inventory. (,) - cycle):
m - a tomahawk (quivered)
Press: ? - help, Shift-Dir - straight line, f/p - ogre
Aim: an ogre, wielding a giant club (heavily wounded)
You throw a tomahawk. The tomahawk hits the ogre!
The ogre is almost dead.
The ogre hits you with a giant club!
You die...

.........####....#
#.......## ##.#.#
##.....## ###.#
##...## #.# ##+##
#.# #.# #.# #.#
#@# #O# #(#
.....(..#
#########


You could see an ogre.

Vanquished Creatures
  2 adders
  2 dart slugs
  A leopard gecko (D:3)
  10 orcs (D:3)
  3 giant cockroaches
  7 goblins
  4 hobgoblins
  9 jackals
  7 kobolds
  A quokka (D:2)
  A ball python (D:3)
  9 bats
  4 frilled lizards
  8 rats
68 creatures vanquished.

Notes
Turn   | Place    | Note
-------+----------+-------------------------------------------
     0 | D:1      | Lifeless the Human Wanderer began the quest for the Orb.
     0 | D:1      | Lifeless set off with: 2 scrolls of fear, a potion of curing, a scroll of teleportation, a +0 robe, a +0 dagger, a bread ration
     0 | D:1      | Reached XP level 1. HP: 16/16 MP: 1/1
   224 | D:1      | Reached XP level 2. HP: 22/22 MP: 2/2
   756 | D:1      | Reached XP level 3. HP: 28/28 MP: 3/3
   797 | D:1      | Found a glowing golden altar of the Shining One.
   804 | D:1      | Became a worshipper of the Shining One
  1238 | D:2      | Found a burning altar of Makhleb.
  1625 | D:2      | Reached XP level 4. HP: 32/34 MP: 4/4
  3272 | D:3      | Reached XP level 5. HP: 39/39 MP: 5/5
  3358 | D:3      | Reached skill level 1 in Armour
  3476 | D:4      | Learned a level 1 spell: Magic Dart
  3516 | D:4      | Noticed an ogre
  3525 | D:4      | Slain by an ogre

Vault maps used:
D:1:      minmay_arrival_split_and_join, tso_altar
D:2:      overflow_temple_1_default, first_bread
D:3:      minmay_box_of_dots
D:4:      kennysheep_mini

Skill      XL: |  1  2  3  4  5 |
---------------+----------------+-----
Short Blades   | 2 |  2.3
Throwing       | 2 |  2.5
Armour         | 1 |  1.0
Fighting       | |  2.4
Dodging        | |  1.2
Stealth        | |  2.8
Unarmed Combat | |  2.0
Evocations     | |  1.0

Action                   |  1- 3 |  4- 6 || total
-------------------------+-------+-------++-------
Melee: Short sword       |   104 |   129 ||   233
       Dagger            |     8 |       ||     8
       Punch             |     1 |     3 ||     4
Throw: Tomahawk          |    33 |    14 ||    47
       Stone             |    11 |    39 ||    50
  Use: Scroll            |       |     1 ||     1
  Eat: Chunk             |     2 |     6 ||     8
       Fruit             |       |     1 ||     1
Armor: Robe              |    15 |       ||    15
       Plate armour      |    19 |   127 ||   146
Dodge: Dodged            |    55 |    17 ||    72
